 Dungeon Crawl Stone Soup version 0.22-a0-224-g8cf3520 (webtiles) character file.

13464 Gorglomux the Fighter (level 11, -6/103 HPs)
             Began as a Minotaur Conjurer on Feb 19, 2018.
             Was an Elder of Okawaru.
             Killed from afar by Harold (14 damage)
             ... with a bolt of fire
             ... on level 3 of the Lair of Beasts.
             The game lasted 00:20:05 (15984 turns).

Gorglomux the Fighter (Minotaur Conjurer)          Turns: 15984, Time: 00:20:06

Health: -6/103     AC: 17    Str: 16    XL:     11   Next: 75%
Magic:  10/12      EV:  8    Int: 12    God:    Okawaru [****..]
Gold:   285        SH: 14    Dex: 11    Spells: 12/12 levels left

rFire    . . .     SeeInvis +   b - +3 short sword (venom)
rCold    . . .     Gourm    .   G - +0 shield
rNeg     . . .     Faith    .   D - +0 chain mail
rPois    .         Spirit   .   (helmet restricted)
rElec    .         Reflect  +   C - +0 cloak (curse)
rCorr    +         Harm     .   p - +1 pair of gloves
MR       .....                  h - +0 pair of boots
Stlth    ..........             K - +4 amulet of reflection
HPRegen  0.27/turn              s - ring of see invisible
MPRegen  0.13/turn              g - ring of resist corrosion

@: drained
A: retaliatory headbutt, horns 2
a: Heroism, Renounce Religion


You were on level 3 of the Lair of Beasts.
You worshipped Okawaru.
Okawaru was greatly pleased with you.
You were not hungry.

You visited 3 branches of the dungeon, and saw 16 of its levels.

You collected 754 gold pieces.
You spent 469 gold pieces at shops.

Inventory:

Hand Weapons
 a - a +1 antimagic hand axe
 b - a +3 short sword of venom (weapon)
Missiles
 m - 3 javelins of penetration (quivered)
 M - 8 javelins of returning
 Z - a throwing net
Armour
 h - a +0 pair of boots (worn)
 p - a +1 pair of gloves (worn)
 C - a cursed +0 cloak (worn)
 D - a +0 chain mail (worn)
 G - a +0 shield (worn)
Jewellery
 g - a ring of resist corrosion (right hand)
 s - a ring of see invisible (left hand)
 K - a +4 amulet of reflection (around neck)
 W - an uncursed amulet of the gourmand
Wands
 E - a wand of enslavement (13)
 O - a wand of clouds (8)
 P - a wand of paralysis (29)
 U - a wand of flame (32)
Scrolls
 k - 5 scrolls of remove curse
 o - 4 scrolls of fog
 B - 4 scrolls of blinking
 H - a scroll of vulnerability {unknown}
 L - 6 scrolls of enchant weapon
 N - a scroll of summoning
 R - a scroll of identify
 T - 7 scrolls of teleportation
Potions
 z - a potion of flight
 A - a potion of cancellation
 F - a potion of haste
 I - a potion of might
 Q - 4 potions of curing
 S - a potion of agility
 V - 2 potions of berserk rage
 X - a potion of brilliance
 Y - 2 potions of heal wounds
Comestibles
 t - 34 rations
 J - 3 chunks of flesh


   Skills:
 + Level 11.6(10.9) Fighting
 + Level 10.1(9.4) Axes
 + Level 11.5(10.8) Armour
 - Level 8.8(8.1) Dodging
 - Level 1.5(1.0) Stealth
 + Level 7.3(6.6) Shields
 - Level 1.3(0.8) Spellcasting
   Level 2.9(2.4) Conjurations


You had 12 spell levels left.
You didn't know any spells.

Dungeon Overview and Level Annotations

Branches:
Dungeon (12/15)            Temple (1/1) D:6            Lair (3/6) D:8
  Swamp (0/4) Lair:2
  Snake: Lair:2-4    Spider: Lair:2-4       Orc: D:9-12

Altars:
Ashenzari
Cheibriados
Dithmenos
Gozag
Hepliaklqana
Kikubaaqudgha
Makhleb
Nemelex Xobeh
Okawaru
Qazlal
Ru
Sif Muna
Trog
Vehumet
Xom
Yredelemnul
Zin
The Shining One

Shops:
D:5 }*[(   D:8 }

Annotations:
D:6 1 runed door
Lair:3 Harold


Innate Abilities, Weirdness & Mutations

You reflexively headbutt those who attack you in melee.
You have a pair of horns on your head.


Message History

You spit Harold but do no damage!
Harold is severely wounded!
Harold gestures at you while chanting!
The bolt of fire hits you!!! * * * don'butt die
* * * You skewer Harold but do no damage!
Harold looks as sick as possible!!!
Harold is severely wounded!
Harold barely misses butt!
You furiously retaliate!!!
You headbutt Harold, but do no damage! You skewer Harold like a kebab!
Harold looks as sick as possible!!!
Harold is almost dead!
Harold points at you and butts some strange words!
The bolt of fire hits you!!! * * * don't die
* * * Your shield and chain mail prevent you from hitting Harold!
You headbutt Harold!
Harold is almost dead!
Harold casts a spell at you! The bolt of fire hits you!!! rip

#P.........###
##...##.....#
####..#P###..### ##
#....#### #..# ..###
##...## ##..#
...#.###..^.# #..#
.....P.P..### #..#
..........# ...
........@@#
........### ## @
.........# #.##...
.........# ###.......
.........####...@.....
...............P##.##.
...............##
.............###
.............#


You could see Harold.

Vanquished Creatures
  Fannar (D:11)
  An unseen horror (D:10)
  A gargoyle (D:10)
  A spiny frog (Lair:2)
  3 komodo dragons
  A polar bear (Lair:2)
  A hornet (D:11)
  4 blink frogs
  2 hippogriffs
  8 yaks
  2 steam dragons (D:10)
  3 basilisks
  2 soldier ants
  An acid dragon (D:11)
  3 water moccasins
  An orc warrior (D:11)
  7 porcupines
  2 ice beasts (D:7)
  3 black bears
  4 sky beasts
  A phantom (D:8)
  The ghost of Gorglomux the Ducker, an amateur MiCj (D:3)
  3 wolves (Lair:1)
  A centaur (D:7)
  5 ogres
  2 crocodiles
  A big kobold (D:11)
  10 bullfrogs
  2 gnoll sergeants
  A wyvern zombie (D:11)
  2 water moccasin zombies
  6 killer bees
  9 scorpions
  5 wights (D:10)
  5 howler monkeys
  A bullfrog zombie (D:7)
  8 crimson imps
  2 quasits
  4 hounds
  6 orc wizards
  3 bullfrog skeletons
  4 iguanas
  4 jellies
  4 orc priests
  2 centaur skeletons
  9 hell rats (Lair:2)
  17 worker ants
  A hound zombie (D:10)
  A hound skeleton (D:5)
  A mummy (D:8)
  2 howler monkey zombies
  A worker ant zombie (D:10)
  17 gnolls
  13 adders
  16 river rats (Lair:2)
  A shadow imp (D:7)
  An ooze (D:3)
  3 adder zombies
  2 adder skeletons
  6 worms
  A dart slug (D:2)
  9 leopard geckos
  26 orcs
  8 giant cockroaches
  8 goblins
  8 hobgoblins
  12 jackals
  8 quokkas
  3 ball pythons
  7 bats
  4 frilled lizards
  A jackal skeleton (D:8)
  11 kobolds
  24 rats
364 creatures vanquished.

Vanquished Creatures (others)
  An adder (D:10)
  A fungus (Lair:1)
2 creatures vanquished.

Grand Total: 366 creatures vanquished

Notes
Turn   | Place    | Note
-------+----------+-------------------------------------------
     0 | D:1      | Gorglomux the Minotaur Conjurer began the quest for the Orb.
     0 | D:1      | Reached XP level 1. HP: 14/14 MP: 1/1
   385 | D:1      | Reached skill level 1 in Armour
   435 | D:1      | Reached skill level 1 in Fighting
   435 | D:1      | Reached XP level 2. HP: 8/23 MP: 3/3
  1259 | D:1      | Reached XP level 3. HP: 27/29 MP: 4/4
  1367 | D:2      | Reached skill level 3 in Dodging
  1761 | D:2      | Reached XP level 4. HP: 32/37 MP: 5/5
  2255 | D:3      | Found a glowing silver altar of Zin.
  2463 | D:3      | Found a radiant altar of Vehumet.
  2463 | D:3      | Found a sacrificial altar of Ru.
  2463 | D:3      | Found a sparkling altar of Nemelex Xobeh.
  2471 | D:3      | Found a deep blue altar of Sif Muna.
  2483 | D:3      | Found a shattered altar of Ashenzari.
  2545 | D:3      | Found a glowing golden altar of the Shining One.
  2550 | D:3      | Noticed a sky beast
  2816 | D:3      | Noticed Gorglomux's ghost (amateur MiCj)
  2867 | D:3      | Killed Gorglomux's ghost
  2867 | D:3      | Reached skill level 3 in Fighting
  2867 | D:3      | Reached skill level 3 in Armour
  2867 | D:3      | Reached XP level 5. HP: 33/45 MP: 6/6
  3082 | D:3      | Found a shimmering altar of Xom.
  3293 | D:3      | Reached XP level 6. HP: 52/52 MP: 7/7
  3840 | D:4      | Reached XP level 7. HP: 52/61 MP: 8/8
  3847 | D:4      | Found a hazy altar of Hepliaklqana.
  4011 | D:4      | Found an ancient bone altar of Kikubaaqudgha.
  4346 | D:5      | Entered Level 5 of the Dungeon
  4566 | D:5      | Found Raluonga's Armour Emporium.
  4731 | D:5      | Found Isialaat's Gadget Emporium.
  4742 | D:5      | Bought a wand of paralysis (13) for 165 gold pieces
  4783 | D:5      | Reached skill level 6 in Fighting
  4783 | D:5      | Reached skill level 6 in Dodging
  4787 | D:5      | Reached skill level 6 in Armour
  4826 | D:5      | Reached skill level 1 in Axes
  4826 | D:5      | Reached XP level 8. HP: 57/70 MP: 9/9
  5053 | D:5      | Found Kazxelih's Antique Weapon Emporium.
  5056 | D:5      | Found Qiestoul's Assorted Antiques.
  5070 | D:5      | Bought a scroll labeled FOEPPIA JUEP for 21 gold pieces
  5070 | D:5      | Bought a scroll labeled BAIL MIRIMU for 21 gold pieces
  5320 | D:5      | Found a stormy altar of Qazlal.
  5523 | D:6      | Reached skill level 3 in Axes
  5733 | D:6      | Found a staircase to the Ecumenical Temple.
  5746 | Temple   | Entered the Ecumenical Temple
  5761 | Temple   | Became a worshipper of Warmaster Okawaru
  6061 | D:6      | Found a runed door.
  6073 | D:6      | Found a runed door.
  6110 | D:6      | Reached XP level 9. HP: 40/79 MP: 10/10
  6428 | D:7      | Reached * piety under Okawaru
  7131 | D:7      | Got a pair of translucent boots
  7144 | D:7      | Identified the -4 pair of boots "Sekirorru" {rC+} (You found it on level 7 of the Dungeon)
  7218 | D:7      | Found an opulent altar of Gozag.
  7240 | D:7      | Reached skill level 6 in Axes
  7427 | D:8      | Reached ** piety under Okawaru
  7741 | D:8      | Reached skill level 9 in Fighting
  7741 | D:8      | Reached skill level 9 in Armour
  8003 | D:8      | Reached XP level 10. HP: 78/91 MP: 11/11
  8230 | D:8      | Noticed a moth of wrath
  8233 | D:8      | Found a bloodstained altar of Trog.
  8392 | D:8      | Found Leplanoe's Gadget Shoppe.
  8480 | D:8      | Found a staircase to the Lair.
  8505 | D:8      | Found a snail-covered altar of Cheibriados.
  8899 | D:9      | Reached skill level 1 in Shields
  8904 | D:9      | Found a shadowy altar of Dithmenos.
  9178 | D:10     | Entered Level 10 of the Dungeon
  9503 | D:10     | Reached *** piety under Okawaru
  9545 | D:10     | Reached skill level 3 in Shields
 10206 | D:10     | Killed an unseen horror
 10206 | D:10     | Reached **** piety under Okawaru
 10603 | D:10     | Noticed a gargoyle
 10627 | D:10     | Killed a gargoyle
 11282 | D:5      | Bought a potion of heal wounds for 105 gold pieces
 11282 | D:5      | Bought an embroidered cloak for 157 gold pieces
 11492 | D:11     | Paralysed by a hornet for 3 turns
 11819 | D:11     | Reached XP level 11. HP: 58/101 MP: 4/12
 11963 | D:11     | Noticed Fannar
 12002 | D:11     | Killed Fannar
 12615 | Lair:1   | Entered Level 1 of the Lair of Beasts
 12670 | Lair:1   | Reached skill level 9 in Axes
 12695 | D:8      | HP: 5/101 [blink frog (2)]
 13456 | Lair:1   | Reached skill level 6 in Shields
 14499 | Lair:2   | Found a staircase to the Swamp.
 15946 | Lair:3   | Noticed Harold
 15984 | Lair:3   | Killed from afar by Harold

Vault maps used:
D:1:      roderic_octagonal_star
D:3:      led_xom_imps, nicolae_tso_carved_into_rock,
          minmay_overflow_temple_hex, first_ration
D:4:      old_standard_altar, nicolae_overflow_crystal_walls
D:5:      marbit_many_paths, serial_shops, kennysheep_little_box,
          nicolae_shop_temple_entry_statues_fountains, shop,
          nicolae_shop_window_shopping
D:6:      lemuel_insect_pit, minmay_temple_entry_hall
D:7:      grunt_gozag_statues, grunt_ogre_cave
D:8:      slow_altar_2, lair_entry_dummy, serial_glass, glass_columns_b,
          glass_columns_c, serial_shops, shop, hangedman_abyss_or_decor_passed,
          tgw_trog
D:9:      nicolae_dithmenos_shadow_blocks
D:11:     uniq_fannar
D:12:     david_orc_2, uniq_kirke
Temple:   compressed_dpeg_triangle_lava_temple
Lair:1:   beast_lair_carwin_9
Lair:2:   lemuel_ratsnest, swamp_mist_pool
Lair:3:   spider_nest_entry_rubble, minivault_26, minmay_lair_oklob_chamber,
          uniq_harold, uniq_snorg

Skill      XL: |  1  2  3  4  5  6  7  8  9 10 11 |
---------------+----------------------------------+-----
Armour         | 1 2 3 4 5 6 7 9 10 11 | 11.5
Fighting       | 1 2 3 4 5 6 7 9 10 11 | 11.6
Dodging        | 3 4 5 6 7 8 |  8.8
Axes           | 1 4 6 8 10 | 10.1
Shields        | 4 7 |  7.3
Stealth        | |  1.5
Spellcasting   | |  1.3
Conjurations   | |  2.9

Action                   |  1- 3 |  4- 6 |  7- 9 | 10-12 || total
-------------------------+-------+-------+-------+-------++-------
Melee: Unarmed           |    26 |       |       |       ||    26
       Dagger            |    84 |    78 |       |       ||   162
       Headbutt          |    14 |    19 |    74 |   120 ||   227
       Short sword       |       |    81 |   368 |   454 ||   903
       Hand axe          |       |       |    31 |   278 ||   309
 Cast: Magic Dart        |     7 |       |       |       ||     7
Invok: Heroism           |       |       |     4 |    20 ||    24
Evoke: Wand              |       |       |     2 |     6 ||     8
  Use: Scroll            |       |     1 |     9 |    12 ||    22
       Potion            |       |       |     1 |     3 ||     4
 Stab: Sleeping          |     5 |     2 |       |       ||     7
       Paralysed         |       |       |     2 |       ||     2
       Distracted        |       |       |     1 |       ||     1
  Eat: Chunk             |     3 |     7 |    24 |    19 ||    53
Armor: Robe              |    20 |       |       |       ||    20
       Leather armour    |    10 |    46 |    13 |       ||    69
       Ring mail         |       |       |   155 |    76 ||   231
       Chain mail        |       |       |       |   289 ||   289
Dodge: Dodged            |    77 |   103 |   342 |   315 ||   837
Block: Shield            |       |       |       |   437 ||   437
       Reflection        |       |       |       |     1 ||     1

Table legend:
 A = Spawn XP
 B = Non-spawn XP
 C = Spawn XP percentage of total XP
 D = Spawn monster count
 E = Non-spawn monster count
 F = Spawn count percentage of total count
 G = Total turns spent on level
                    A         B        C        D         E        F      G
               +---------+---------+-------+---------+---------+-------+---------
         Total |       0 |   19235 |   0.0 |       0 |     364 |   0.0 | 15984
               +---------+---------+-------+---------+---------+-------+---------
           D:1 |       0 |      42 |   0.0 |       0 |      18 |   0.0 |  1314
           D:2 |       0 |      77 |   0.0 |       0 |      19 |   0.0 |   790
           D:3 |       0 |     377 |   0.0 |       0 |      29 |   0.0 |  1426
           D:4 |       0 |     544 |   0.0 |       0 |      20 |   0.0 |   816
           D:5 |       0 |     779 |   0.0 |       0 |      25 |   0.0 |  1144
           D:6 |       0 |    1161 |   0.0 |       0 |      34 |   0.0 |  1023
           D:7 |       0 |    1728 |   0.0 |       0 |      31 |   0.0 |   940
           D:8 |       0 |    1393 |   0.0 |       0 |      38 |   0.0 |  1872
           D:9 |       0 |     759 |   0.0 |       0 |      14 |   0.0 |  1195
          D:10 |       0 |    3493 |   0.0 |       0 |      41 |   0.0 |  1298
          D:11 |       0 |    2087 |   0.0 |       0 |      23 |   0.0 |  1258
        Lair:1 |       0 |    3393 |   0.0 |       0 |      19 |   0.0 |  1398
        Lair:2 |       0 |    3115 |   0.0 |       0 |      51 |   0.0 |  1379
        Lair:3 |       0 |     287 |   0.0 |       0 |       2 |   0.0 |   106
               +---------+---------+-------+---------+---------+-------+---------
